 Dungeon Crawl Stone Soup version 0.20.1-1-g8b1a95d66d (webtiles) character file.

34 Hvezdomuz the Vexing (level 3, 0/26 HPs)
             Began as a Draconian Enchanter on Dec 2, 2017.
             Succumbed to an adder's poison
             ... on level 2 of the Dungeon.
             The game lasted 00:09:24 (1434 turns).

Hvezdomuz the Vexing (Draconian Enchanter)          Turns: 1434, Time: 00:09:24

Health: 0/26       AC:  5    Str: 10    XL:     3   Next: 14%
Magic:  6/6        EV: 12    Int: 15    God:
Gold:   40         SH:  0    Dex: 12    Spells: 4/7 levels left

rFire    . . .     SeeInvis .   a - +1 dagger
rCold    . . .     Gourm    .   (no shield)
rNeg     . . .     Faith    .   (armour unavailable)
rPois    .         Spirit   .   (helmet restricted)
rElec    .         Reflect  .   (no cloak)
rCorr    .         Harm     .   (no gloves)
MR       .....                  (no boots)
Stlth    ++........             (no amulet)
Regen    0.1/turn               (no ring)
MPRegen  0.1/turn               (no ring)

@: lethally poisoned (0 -> -3)
A: unfitting armour, cold-blooded, AC +5
a: no special abilities


You were on level 2 of the Dungeon.
You were not hungry.

You visited 1 branch of the dungeon, and saw 2 of its levels.

You collected 40 gold pieces.

Inventory:

Hand Weapons
 a - a +1 dagger (weapon)
Missiles
 h - 46 stones (quivered)
Jewellery
 f - an uncursed ring of poison resistance {unknown}
 o - a cursed -3 ring of strength {unknown}
Scrolls
 e - a scroll of blinking {unknown}
 g - a scroll of remove curse {unknown}
 l - a scroll of amnesia {unknown}
 m - a scroll of teleportation {unknown}
 n - a scroll of enchant armour {unknown}
Potions
 d - a potion of haste {unknown}
 i - a potion of lignification {unknown}
 k - a potion of curing {unknown}
Books
 b - a book of Maledictions

   Spells                             Type                      Level
   a - Corona                         Hexes                        1
   b - Ensorcelled Hibernation        Hexes/Ice                    2
   c - Confuse                        Hexes                        3
   d - Tukima's Dance                 Hexes                        3
   e - Dazzling Spray                 Conjuration/Hexes            3
Comestibles
 c - a bread ration
 j - a royal jelly


   Skills:
 + Level 0.2 Fighting
 + Level 1.1 Short Blades
 + Level 2.0 Dodging
 + Level 2.8 Stealth
 + Level 2.6 Spellcasting
 + Level 3.1 Hexes


You had 4 spell levels left.
You knew the following spells:

 Your Spells              Type           Power        Failure   Level  Hunger
a - Corona                Hex            ##.....      5%          1    #......
b - Ensorcelled Hibernat  Hex/Ice        #.....       16%         2    ###....


Dungeon Overview and Level Annotations

Branches:
Dungeon (2/15)

Altars:


Innate Abilities, Weirdness & Mutations

Your plain brown scales are hard. (AC +5)
You cannot fit into any form of body armour.
You are cold-blooded and may be slowed by cold attacks.


Message History

The worm is heavily wounded.
The adder bites you.
You are poisoned.
The adder poisons you! The worm bites you.
You feel sick.
You feel sick. The adder bites you.
* * * LOW HITPOINT WARNING * * *
* * * LOW HITPOINT WARNING * * *
You feel sick. The adder closely misses you.
The worm stops glowing.
A giant cockroach comes into view.
* * * LOW HITPOINT WARNING * * *
You feel sick. The adder bites you but does no damage.
A kobold comes into view. It is wielding a dagger.
Found 14 gold pieces.
A quokka comes into view.
Found a dagger and 15 arrows.
You die...

#. ##.# ##...## .
###.#.#.## ##r.
......... ...)#
####.....##$....#
..K....s.@..# #
####..S###########.#
##.######.....#.#
#......w...8...#
########%......#
#...<...# #.......#
##8...8## ##...##


You could see an adder, a quokka (sleeping), a giant cockroach and a kobold.

Vanquished Creatures
  An ooze (D:1)
  A dart slug (D:1)
  5 giant cockroaches (D:1)
  8 goblins (D:1)
  A hobgoblin (D:1)
  4 kobolds (D:1)
  A bat (D:1)
  2 rats (D:1)
  A plant (D:1)
24 creatures vanquished.

Notes
Turn   | Place    | Note
-------+----------+-------------------------------------------
     0 | D:1      | Hvezdomuz the Draconian Enchanter began the quest for the Orb.
     0 | D:1      | Reached XP level 1. HP: 14/14 MP: 3/3
   476 | D:1      | Reached XP level 2. HP: 19/20 MP: 5/5
   675 | D:1      | Reached skill level 3 in Hexes
   971 | D:1      | Learned a level 2 spell: Ensorcelled Hibernation
  1299 | D:1      | Reached XP level 3. HP: 20/26 MP: 6/6
  1430 | D:2      | HP: 1/26 [poisoned by an adder]
  1434 | D:2      | Succumbed to an adder's poison

Skill      XL: |  1  2 |
---------------+-------+-----
Hexes          | 3 |  3.1
Dodging        | 2 |  2.0
Fighting       | |  0.2
Short Blades   | |  1.1
Stealth        | |  2.8
Spellcasting   | |  2.6

Action                   || total
-------------------------++-------
Melee: Dagger            ||   135
       Tailslap          ||    26
 Cast: Corona            ||    30
  Use: Potion            ||     1
  Eat: Chunk             ||     1
       Bread ration      ||     1
Armor: Skin              ||    45
Dodge: Dodged            ||    76
